 Dungeon Crawl Stone Soup version 0.22-a0-603-gfc1114d (webtiles) character file.

53 Hebeh the Covered (level 3, -7/33 HPs)
             Began as a Minotaur Fighter on July 7, 2018.
             Was an Initiate of Trog.
             Mangled by Sigmund
             ... wielding a +0 scythe
              (11 damage)
             ... on level 3 of the Dungeon.
             The game lasted 00:03:35 (1418 turns).

Hebeh the Covered (Minotaur Fighter)                Turns: 1418, Time: 00:03:35

Health: -7/33      AC:  9    Str: 21    XL:     3   Next: 64%
Magic:  2/2        EV:  7    Int:  5    God:    Trog [......]
Gold:   94         SH:  9    Dex:  9    Spells: 2/2 levels left

rFire    . . .     SeeInvis .   a - +0 war axe
rCold    . . .     Gourm    .   c - +0 shield
rNeg     . . .     Faith    .   b - +0 scale mail
rPois    .         Spirit   .   (helmet restricted)
rElec    .         Reflect  .   (no cloak)
rCorr    .         Harm     .   h - +0 pair of gloves
MR       .....                  k - +0 pair of boots
Stlth    ..........             (no amulet)
HPRegen  0.11/turn              (no ring)
MPRegen  0.08/turn              (no ring)

@: no status effects
A: retaliatory headbutt, horns 2
a: Renounce Religion


You were on level 3 of the Dungeon.
You worshipped Trog.
Trog was noncommittal.
You were not hungry.

You visited 1 branch of the dungeon, and saw 3 of its levels.

You collected 94 gold pieces.

Inventory:

Hand Weapons
 a - a +0 war axe (weapon)
Missiles
 j - 23 stones (quivered)
Armour
 b - a +0 scale mail (worn)
 c - a +0 shield (worn)
 h - a +0 pair of gloves (worn)
 k - a +0 pair of boots (worn)
Jewellery
 p - an uncursed ring of protection from magic {unknown}
Scrolls
 e - a scroll of identify {unknown}
 n - a scroll of fog {unknown}
 r - 2 scrolls of enchant armour {unknown}
 s - a scroll of noise {unknown}
Potions
 d - a potion of might
 g - a potion of ambrosia {unknown}
 i - a potion of invisibility {unknown}
 l - a potion of brilliance {unknown}
 m - a potion of lignification {unknown}
 q - 2 potions of flight {unknown}
Comestibles
 f - 2 rations
 o - 3 chunks of flesh


   Skills:
 + Level 4.0 Fighting
 * Level 3.7 Axes
 + Level 4.1 Armour
 + Level 4.0 Shields


You had 2 spell levels left.
You didn't know any spells.
Your spell library was empty.

Dungeon Overview and Level Annotations

Branches:
Dungeon (3/15)

Altars:
Kikubaaqudgha
Trog

Annotations:
D:3 Sigmund


Innate Abilities, Weirdness & Mutations

You reflexively headbutt those who attack you in melee.
You have a pair of horns on your head.


Message History

Sigmund mumbles some strange words.
Sigmund flickers and vanishes!
Deactivating autopickup; reactivate with Ctrl-A.
No target in view!
No target in view!
No target in view!
No target in view!
No target in view!
No target in view!
No target in view!
You slash something! Something hits you.
You barely miss something. Something hits you!
You miss something. Your headbutt misses something. Something hits you.
* * * LOW HITPOINT WARNING * * *
You barely miss something. Your headbutt misses something. Something hits you.
* * * LOW HITPOINT WARNING * * *
You slash something! You block something's attack.
Your scale mail prevents you from hitting something.
Something hits you!
You die...

#...#.
#...#.#####
#.........#
#.........#
#.........#
#.........#
#....{....#
###...@...#
...........#
####.......##
...........##
.............#
....#######..#
.... #?.# ...
#..# .# #..#


There were no monsters in sight!

Vanquished Creatures
  3 oozes
  2 dart slugs (D:1)
  2 leopard geckos (D:1)
  2 giant cockroaches (D:2)
  3 goblins
  4 hobgoblins
  2 jackals (D:2)
  4 kobolds
  3 bats (D:1)
  3 frilled lizards (D:1)
  8 rats
36 creatures vanquished.

Notes
Turn   | Place    | Note
-------+----------+-------------------------------------------
     0 | D:1      | Hebeh the Minotaur Fighter began the quest for the Orb.
     0 | D:1      | Reached XP level 1. HP: 19/19 MP: 0/0
    46 | D:1      | Reached XP level 2. HP: 26/27 MP: 1/1
   286 | D:1      | Reached XP level 3. HP: 31/33 MP: 2/2
  1205 | D:2      | Found a bloodstained altar of Trog.
  1341 | D:2      | Became a worshipper of Trog the Wrathful
  1397 | D:3      | Found an ancient bone altar of Kikubaaqudgha.
  1408 | D:3      | Noticed Sigmund
  1418 | D:3      | Mangled by Sigmund

Vault maps used:
D:1:      dpeg_arrival_chambers_temple_mockup
D:2:      bloody_trog
D:3:      lemuel_statue_altar, uniq_sigmund, uniq_crazy_yiuf_cottage

Skill      XL: |  1  2  3 |
---------------+----------+-----
Axes           | 3 |  3.7
Armour         | 4 |  4.1
Fighting       | 4 |  4.0
Shields        | 4 |  4.0

Action                   || total
-------------------------++-------
Melee: War axe           ||    82
       Headbutt          ||     8
  Eat: Chunk             ||     2
Armor: Scale mail        ||    36
Dodge: Dodged            ||    18
Block: Shield            ||    35

Table legend:
 A = Spawn XP
 B = Non-spawn XP
 C = Spawn XP percentage of total XP
 D = Spawn monster count
 E = Non-spawn monster count
 F = Spawn count percentage of total count
 G = Total turns spent on level
                    A         B        C        D         E        F      G
               +---------+---------+-------+---------+---------+-------+---------
         Total |       0 |      77 |   0.0 |       0 |      36 |   0.0 |  1418
               +---------+---------+-------+---------+---------+-------+---------
           D:1 |       0 |      50 |   0.0 |       0 |      23 |   0.0 |   785
           D:2 |       0 |      24 |   0.0 |       0 |      11 |   0.0 |   581
           D:3 |       0 |       3 |   0.0 |       0 |       2 |   0.0 |    52
               +---------+---------+-------+---------+---------+-------+---------
